 Dungeon Crawl Stone Soup version 0.21.0-37-g46506fa (webtiles) character file.

116 Wehk the Magician (level 5, -2/43 HPs)
             Began as a Gnoll Wanderer on Jan 31, 2018.
             Was an Initiate of Okawaru.
             Slain by an orc priest
             ... wielding a +0 hand axe
              (8 damage)
             ... on level 2 of the Dungeon.
             The game lasted 00:08:33 (1773 turns).

Wehk the Magician (Gnoll Wanderer)                  Turns: 1773, Time: 00:08:34

Health: -2/43      AC:  3    Str: 13    XL:     5   Next: 0%
Magic:  1/14       EV: 13    Int: 18    God:    Okawaru [......]
Gold:   50         SH:  0    Dex: 13    Spells: 13/18 levels left

rFire    . . .     SeeInvis .   w - +0 dagger
rCold    . . .     Gourm    .   (no shield)
rNeg     . . .     Faith    .   d - +0 robe
rPois    .         Spirit   .   (no helmet)
rElec    .         Reflect  .   (no cloak)
rCorr    .         Harm     .   r - +0 pair of gloves
MR       .....                  (no boots)
Stlth    ++........             (no amulet)
HPRegen  0.14/turn              (no ring)
MPRegen  0.14/turn              (no ring)

@: very slightly contaminated
A: distributed training, fangs 1, strong nose
a: Renounce Religion


You were on level 2 of the Dungeon.
You worshipped Okawaru.
Okawaru was noncommittal.
You were not hungry.

You visited 1 branch of the dungeon, and saw 2 of its levels.

You collected 50 gold pieces.

Inventory:

Hand Weapons
 e - a +0 hunting sling
 w - a +0 dagger (weapon)
Missiles
 m - 38 stones (quivered)
 p - 2 tomahawks
Armour
 d - a +0 robe (worn)
 r - a +0 pair of gloves (worn)
Jewellery
 j - an uncursed ring of see invisible {unknown}
Scrolls
 g - 5 scrolls of teleportation {unknown}
 n - a scroll of blinking
 o - 2 scrolls of amnesia
Potions
 b - a potion of lignification
 h - 2 potions of curing {unknown}
 i - a potion of flight
 l - a potion of heal wounds {unknown}
Books
 a - a book of Minor Magic

   Spells                             Type                      Level
   a - Magic Dart                     Conjuration                  1
   b - Blink                          Translocation                2
   c - Call Imp                       Summoning                    2
   d - Slow                           Hexes                        2
   e - Conjure Flame                  Conjuration/Fire             3
   f - Mephitic Cloud                 Conjuration/Poison/Air       3
 c - the Volume of Cold

   Spells                             Type                      Level
   a - Throw Frost                    Conjuration/Ice              2
   b - Ensorcelled Hibernation        Hexes/Ice                    2
Comestibles
 f - 4 rations


   Skills:
 + Level 4.7 Fighting
 + Level 1.2 Short Blades
 + Level 1.2 Long Blades
 + Level 1.2 Axes
 + Level 1.2 Maces & Flails
 + Level 1.2 Polearms
 + Level 1.2 Staves
 + Level 1.2 Slings
 + Level 1.2 Bows
 + Level 1.2 Crossbows
 + Level 2.8 Throwing
 + Level 1.2 Armour
 + Level 2.8 Dodging
 + Level 2.6 Stealth
 + Level 1.2 Shields
 + Level 1.2 Unarmed Combat
 + Level 7.2 Spellcasting
 + Level 1.0 Conjurations
 + Level 1.0 Hexes
 + Level 1.0 Charms
 + Level 1.0 Summonings
 + Level 1.0 Necromancy
 + Level 1.0 Translocations
 + Level 1.0 Transmutations
 + Level 1.0 Fire Magic
 + Level 3.9 Ice Magic
 + Level 1.0 Air Magic
 + Level 1.0 Earth Magic
 + Level 1.0 Poison Magic
 + Level 1.4 Invocations
 + Level 1.2 Evocations


You had 13 spell levels left.
You knew the following spells:

 Your Spells              Type           Power        Failure   Level  Hunger
a - Magic Dart            Conj           ##..         7%          1    None
b - Ensorcelled Hibernat  Hex/Ice        ###...       6%          2    None
c - Call Imp              Summ           ##......     11%         2    None


Dungeon Overview and Level Annotations

Branches:
Dungeon (2/15)

Altars:
Okawaru

Annotations:
D:1 exclusion: downstairs


Innate Abilities, Weirdness & Mutations

Your experience applies equally to all skills.
You have very sharp teeth.
Your uncanny sense of smell can sniff out nearby items.


Message History

Press: ? - help, Shift-Dir - straight line, f/p - orc priest
Aim: an orc priest, wielding a hand axe and wearing a ring mail (severely wounded)
The magic dart hits the orc priest.
The orc priest is almost dead.
Your crimson imp hits the orc priest but does no damage.
The orc priest hits you with a hand axe.
* * * LOW HITPOINT WARNING * * *
The orc priest misses your crimson imp.
Unknown command.
Unknown command.
Casting: Magic Dart
Confirm with . or Enter, or press ? or * to list all spells.
Aiming: Magic Dart
Press: ? - help, Shift-Dir - straight line, f/p - orc priest
Aim: an orc priest, wielding a hand axe and wearing a ring mail (almost dead)
The magic dart hits the orc priest.
The orc priest is almost dead.
Your crimson imp hits the orc priest but does no damage.
The orc priest hits you with a hand axe!
You die...

#####...# ######.#
#########.......### #.#
..................# #.#
)...............#.# #.#
#########.#####.#.# #.#
#.# #.#.# #.# #.# #.#.#
#.### #.#
#.#.###########....
#########.#
#.@............####
..........#
##.5o......)........
.##########
#.......###.###.###.
........# ##......# #.#
#.# #.
.######.#######......###.#
#.# #. .#
.................# #.# #.
.#
#.......#.#..#######.###.
.#
#.#.###.#.#5.#...........
.# #.#.#
#..............###.


You could see an orc priest and 2 friendly crimson imps.

Vanquished Creatures
  An orc wizard (D:2)
  A gnoll (D:2)
  2 adders (D:2)
  An ooze (D:2)
  3 dart slugs
  A leopard gecko (D:1)
  2 bats
  A giant cockroach (D:2)
  3 goblins
  2 hobgoblins (D:2)
  3 jackals (D:2)
  A ball python (D:1)
  2 frilled lizards (D:1)
  4 kobolds (D:1)
  3 rats
30 creatures vanquished.

Vanquished Creatures (collateral kills)
  2 gnolls (D:2)
  2 adders (D:2)
  An orc (D:2)
  A goblin (D:2)
  A bat (D:2)
7 creatures vanquished.

Grand Total: 37 creatures vanquished

Notes
Turn   | Place    | Note
-------+----------+-------------------------------------------
     0 | D:1      | Wehk the Gnoll Wanderer began the quest for the Orb.
     0 | D:1      | Wehk set off with: a book of Minor Magic, a potion of lignification, the Volume of Cold, a +0 robe, a +0 club, a ration
     0 | D:1      | Reached XP level 1. HP: 20/20 MP: 8/8
     0 | D:1      | Identified the Volume of Cold
   149 | D:1      | Learned a level 1 spell: Magic Dart
   288 | D:1      | Reached XP level 2. HP: 26/26 MP: 2/10
   292 | D:1      | Learned a level 2 spell: Ensorcelled Hibernation
   401 | D:1      | Found an iron altar of Okawaru.
   432 | D:1      | Became a worshipper of Warmaster Okawaru
   699 | D:2      | Learned a level 2 spell: Call Imp
   734 | D:2      | Reached XP level 3. HP: 14/31 MP: 0/11
  1136 | D:2      | Reached skill level 1 in Short Blades
  1136 | D:2      | Reached skill level 1 in Long Blades
  1136 | D:2      | Reached skill level 1 in Axes
  1136 | D:2      | Reached skill level 1 in Maces & Flails
  1136 | D:2      | Reached skill level 1 in Polearms
  1136 | D:2      | Reached skill level 1 in Staves
  1136 | D:2      | Reached skill level 1 in Slings
  1136 | D:2      | Reached skill level 1 in Bows
  1136 | D:2      | Reached skill level 1 in Crossbows
  1136 | D:2      | Reached skill level 1 in Armour
  1136 | D:2      | Reached skill level 1 in Shields
  1136 | D:2      | Reached skill level 1 in Unarmed Combat
  1136 | D:2      | Reached skill level 1 in Invocations
  1136 | D:2      | Reached skill level 1 in Evocations
  1136 | D:2      | Reached XP level 4. HP: 34/38 MP: 3/13
  1592 | D:2      | Reached skill level 1 in Conjurations
  1592 | D:2      | Reached skill level 1 in Hexes
  1592 | D:2      | Reached skill level 1 in Charms
  1592 | D:2      | Reached skill level 1 in Summonings
  1592 | D:2      | Reached skill level 1 in Necromancy
  1592 | D:2      | Reached skill level 1 in Translocations
  1592 | D:2      | Reached skill level 1 in Transmutations
  1592 | D:2      | Reached skill level 1 in Fire Magic
  1592 | D:2      | Reached skill level 1 in Air Magic
  1592 | D:2      | Reached skill level 1 in Earth Magic
  1592 | D:2      | Reached skill level 1 in Poison Magic
  1731 | D:2      | Reached XP level 5. HP: 43/43 MP: 7/14
  1773 | D:2      | Slain by an orc priest

Skill      XL: |  1  2  3  4 |
---------------+-------------+-----
Short Blades   | 1 |  1.2
Long Blades    | 1 |  1.2
Axes           | 1 |  1.2
Maces & Flails | 1 |  1.2
Polearms       | 1 |  1.2
Staves         | 1 |  1.2
Slings         | 1 |  1.2
Bows           | 1 |  1.2
Crossbows      | 1 |  1.2
Armour         | 1 |  1.2
Shields        | 1 |  1.2
Unarmed Combat | 1 |  1.2
Invocations    | 1 |  1.4
Evocations     | 1 |  1.2
Conjurations   | 1 |  1.0
Hexes          | 1 |  1.0
Charms         | 1 |  1.0
Summonings     | 1 |  1.0
Necromancy     | 1 |  1.0
Translocations | 1 |  1.0
Transmutations | 1 |  1.0
Fire Magic     | 1 |  1.0
Air Magic      | 1 |  1.0
Earth Magic    | 1 |  1.0
Poison Magic   | 1 |  1.0
Fighting       | |  4.7
Throwing       | |  2.8
Dodging        | |  2.8
Stealth        | |  2.6
Spellcasting   | |  7.2
Ice Magic      | |  3.9

Action                   |  1- 3 |  4- 6 || total
-------------------------+-------+-------++-------
Melee: Club              |    10 |       ||    10
       Bite              |     4 |     3 ||     7
       Dagger            |    30 |    24 ||    54
 Cast: Magic Dart        |    19 |    13 ||    32
       Ensorcelled Hiber |    11 |    12 ||    23
       Call Imp          |     6 |     8 ||    14
  Use: Scroll            |       |     4 ||     4
       Potion            |       |     1 ||     1
 Stab: Sleeping          |     8 |     8 ||    16
       Distracted        |       |     1 ||     1
  Eat: Chunk             |       |     3 ||     3
Armor: Robe              |    10 |     5 ||    15
Dodge: Dodged            |    37 |    14 ||    51
